 Dungeon Crawl Stone Soup version 0.31-a0-549-gf98fd537a9 (webtiles) character file.

Game seed: 1426133648314738392

189379 iasek the Warrior (level 17, -3/155 (163) HPs)
             Began as a Minotaur Fighter on Aug 16, 2023.
             Was the Champion of Okawaru.
             Succumbed to a swamp dragon's poison gas
             ... on level 4 of the Swamp.
             The game lasted 00:54:28 (26864 turns).

iasek the Warrior (Minotaur Fighter)               Turns: 26864, Time: 00:54:29

HP:   -3/155 (163)  AC: 38    Str: 29    XL:     17   Next: 94%
MP:   16/16         EV: 18    Int:  7    God:    Okawaru [******]
Gold: 4189          SH: 22    Dex: 10    Spells: 16/16 levels left

rFire   + . .        M - +8 mithril axe "Arga" {speed, Will+}
rCold   + + +        Y - +5 kite shield {reflect}
rNeg    . . .        V - +6 plate armour {rC+}
rPois   .            b - +1 hat "Alac" {rCorr Stlth+}
rElec   .            A - +2 cloak {Stlth+}
rCorr   +            C - +2 pair of gloves "Seorafus" {Drain rC++ Will++ Int+2}
SInv    .            G - +2 pair of boots
Will    ++++.        T - amulet of regeneration Stlth
                     e - ring of protection from fire
HPRegen 1.25/turn    l - +5 ring of evasion
MPRegen 0.15/turn

%: reflection
@: mighty, lethally poisoned (-3 -> -28), studying Polearms, lightly drained,
very slow
A: horns 2, retaliatory headbutt, fangs 1, hooves 1, iridescent scales 1, large
bone plates 1
a: Renounce Religion, Heroism, Finesse, Duel


You were on level 4 of the Swamp.
You worshipped Okawaru.
Okawaru was exalted by your worship.
You visited 6 branches of the dungeon, and saw 30 of its levels.
You also visited: Sewer, Bailey and Ice Cave.

You collected 5022 gold pieces.
You spent 833 gold pieces at shops.

Inventory:

Hand Weapons
 x - a +5 broad axe of protection
 M - the +8 mithril axe "Arga" (weapon) {speed, Will+}
   (You acquired it on level 11 of the Dungeon)

   Will+:     It increases your willpower.
 R - the +8 broad axe of Spontaneous Combustion {venom, rF+ Dex+3}
   (Okawaru gifted it to you on level 14 of the Dungeon)

   Dex+3:     It affects your dexterity (+3).
   rF+:       It protects you from fire.
 S - a +9 broad axe of flaming
Missiles
 W - 2 throwing nets
Armour
 b - the +1 hat "Alac" (worn) {rCorr Stlth+}
   (Okawaru gifted it to you on level 12 of the Dungeon)

   rCorr:     It protects you from acid and corrosion.
   Stlth+:    It makes you more stealthy.
 A - a +2 cloak of stealth (worn)
 C - the +2 pair of gloves "Seorafus" (worn) {Drain rC++ Will++ Int+2}
   (You found it on level 8 of the Dungeon)

   Int+2:     It affects your intelligence (+2).
   rC++:      It greatly protects you from cold.
   Will++:    It greatly increases your willpower.
   Drain:     It drains your maximum health when unequipped.
 G - a +2 pair of boots (worn)
 V - a +6 plate armour of cold resistance (worn)
 Y - a +5 kite shield of reflection (worn)
Jewellery
 e - a ring of protection from fire (left hand)
 l - a +5 ring of evasion (right hand)
 n - a ring of see invisible
 p - a ring of protection from fire
 D - the ring "Zuevaita" {Fire Str+2}
   (You found it on level 6 of the Dungeon)

   [ring of fire]

   Fire:      It enhances your fire magic.
   Str+2:     It affects your strength (+2).
   rF+:       It protects you from fire.
   rC-:       It makes you vulnerable to cold.
 T - an amulet of regeneration (around neck)
 X - a ring of resist corrosion
Wands
 a - a wand of digging (4)
 j - a wand of light (4)
 m - a wand of flame (46)
 q - a wand of polymorph (23)
 u - a wand of iceblast (25)
 O - a wand of mindburst (11)
 Q - a wand of paralysis (52)
Scrolls
 c - a scroll of revelation
 o - 10 scrolls of teleportation
 z - a scroll of immolation
 B - 3 scrolls of fog
 N - 3 scrolls of blinking
 P - 8 scrolls of identify
 U - 6 scrolls of fear
Potions
 d - 2 potions of might
 f - 3 potions of lignification
 g - a potion of curing
 h - a potion of enlightenment
 i - 4 potions of haste
 k - 9 potions of mutation
 s - 10 potions of heal wounds
 t - 2 potions of attraction
 v - 4 potions of cancellation
 w - 3 potions of ambrosia
 E - 3 potions of berserk rage
 F - 2 potions of resistance
 I - 2 potions of invisibility
 J - 2 potions of magic


   Skills:
 + Level 18.1 Fighting
 + Level 17.9 Axes
 + Level 18.1 Armour
 + Level 16.3 Dodging
 + Level 18.1 Shields


You had 16 spell levels left.
You didn't know any spells.
Your spell library contained the following spells:

 Spells                   Type           Power      Damage    Failure   Level
 Freeze                   Ice            0%         1d3       96%         1
 Kiss of Death            Conj/Necr      0%         2d5       96%         1
 Blink                    Tloc           0%         N/A       99%         2
 Cigotuvi's Dreadful Rot  Necr/Pois/Air  0%         N/A       99%         2
 Lesser Beckoning         Tloc           0%         N/A       99%         2
 Momentum Strike          Conj/Tloc      0%         3d8       99%         2
 Sublimation of Blood     Necr           0%         N/A       99%         2
 Confusing Touch          Hex            0%         N/A       100%        3
 Frozen Ramparts          Ice            0%         1d1       100%        3
 Hailstorm                Conj/Ice       0%         3d3       100%        3
 Ignite Poison            Fire/Tmut/Pois 0%         N/A       100%        3
 Inner Flame              Hex/Fire       0%         N/A       100%        3
 Ozocubu's Armour         Ice            0%         N/A       100%        3
 Dispel Undead            Necr           0%         3d6       100%        4
 Flame Wave               Conj/Fire      0%         2d4       100%        4
 Passage of Golubria      Tloc           0%         N/A       100%        4
 Petrify                  Tmut/Erth      0%         N/A       100%        4
 Sticky Flame             Conj/Fire      0%         2d3       100%        4
 Borgnjor's Vile Clutch   Necr/Erth      0%         N/A       100%        5
 Fireball                 Conj/Fire      0%         3d3       100%        5
 Freezing Cloud           Conj/Ice/Air   0%         6-21      100%        5
 Irradiate                Conj/Tmut      0%         3d11      100%        5
 Iskenderun's Battlesphe  Conj           0%         2d6       100%        5
 Yara's Violent Unravell  Hex/Tmut       0%         3d3       100%        5
 Conjure Ball Lightning   Conj/Air       0%         3x3d6     100%        6
 Orb of Destruction       Conj           0%         9d5       100%        7
 Ignition                 Fire           0%         3d3       100%        8
 Tukima's Dance           Hex            Unusable   N/A       N/A         3
 Animate Dead             Necr           Unusable   N/A       N/A         4
 Death Channel            Necr           Unusable   N/A       N/A         6

Dungeon Overview and Level Annotations

Branches:
Dungeon (15/15)            Temple (1/1) D:5            Lair (5/5) D:10
  Swamp (4/4) Lair:3        Snake (3/4) Lair:2        Slime (0/5) Lair:5
    Orc (2/2) D:11            Elf (0/3) Orc:2        Vaults (0/5) D:13
 Depths (0/4) D:15          Sewer (visited)          Bailey (visited)
  IceCv (visited)

Altars:
Ashenzari
Cheibriados
Dithmenos
Elyvilon
Fedhas
Gozag
Hepliaklqana
Kikubaaqudgha
Makhleb
Nemelex Xobeh
Okawaru
Qazlal
Ru
Sif Muna
Trog
Uskayaw
Vehumet
Wu Jian
Xom
Yredelemnul
Zin
The Shining One
Jiyva

Shops:
D:1 !   Orc:2 :?:[   Snake:1 [

Portals:
Hell: Lair:5
Abyss: Snake:1

Annotations:
Swamp:1 Roxanne
Snake:1 2 transporters, dcssisdead's ghost, adept HuWn


Innate Abilities, Weirdness & Mutations

You have a pair of horns on your head.
You reflexively headbutt those who attack you in melee.
You have very sharp teeth.
You have large cloven feet.
You are partially covered in iridescent scales. (AC +2)
You are partially covered in large bone plates. (SH +4)


Message History

You are more poisoned.
* * * LOW HITPOINT WARNING * * *
You feel extremely sick.
You hear a crashing sound.
The swamp dragon completely misses you. You furiously retaliate!
You headbutt the swamp dragon. You block the swamp dragon's attack.
The swamp dragon closely misses you. The swamp dragon barely misses you.
The swamp dragon claws you but does no damage.
You block the swamp dragon's attack. You block the swamp drake's attack.
The spectral eight-headed hydra bites you!
* * * LOW HITPOINT WARNING * * *
The spectral eight-headed hydra bites you but does no damage.
The spectral eight-headed hydra closely misses you.
The spectral eight-headed hydra bites you but does no damage. x2
You block the spectral eight-headed hydra's attack. x2
The spectral eight-headed hydra bites you but does no damage.
A swamp dragon comes into view.
You feel better.
You are engulfed in poison gas.
You are poisoned.
* * * LOW HITPOINT WARNING * * *
You feel very sick. The swamp drake misses you.
The swamp dragon breathes poison at you.
The blast of poison engulfs you but does no damage.
You are more poisoned.
You block the spectral eight-headed hydra's attack. x2
The spectral eight-headed hydra bites you but does no damage.
The spectral eight-headed hydra bites you.
* * * LOW HITPOINT WARNING * * *
You feel drained.
* * * LOW HITPOINT WARNING * * *
The spectral eight-headed hydra bites you but does no damage.
You block the spectral eight-headed hydra's attack.
The spectral eight-headed hydra bites you but does no damage.
You block the spectral eight-headed hydra's attack.
You feel very mighty all of a sudden.
You are engulfed in poison gas.
You are lethally poisoned!
* * * LOW HITPOINT WARNING * * *
You die...

..~~~ ♣....~## ...~~
♣....~~### .^.~~
♣♣.~~~.~.♣ ..~~
♣♣.~~~~~..# .~~~
♣♣.~~~.♣♣♣.~#
♣♣.~§~○.♣ ~~~#
♣.☼○○○~♣♣ ~§~~~ ~
♣♣○○☼§°♣ ...~~~ .~
♣♣ ♣○°@Z♣♣♣.~~~~
~~~♣~. ♣♣○Dk○...D..~
♣n^.♣ ♣♣♣°)~~.~♣.^
~♣♣.~~.♣♣.~§§~~.~§~~
.~~§.§~§..[[~~~~..~~
.~♣~..~~)~†~~~....~~
....♣.~~~~§..~~~.♣♣♣
.<~ ♣♣~..~~~♣.§~~~~
. ♣~..~~§♣~~~~.§


You could see 2 swamp dragons, a spectral eight-headed hydra (strong) and a
swamp drake (strong).

Vanquished Creatures
  A golden dragon (IceCv)
  Rupert (D:14)
  Jorgrun (Orc:2)
  Aizul (Snake:1)
  Kirke (D:14)
  2 thorn hunters (Swamp:1)
  3 ghouls (Swamp:1)
  A very ugly thing (Swamp:1)
  3 eleionomae
  The ghost of namnaref the Mimic, a journeyman MfSh of Uskayaw (Lair:3)
  2 bunyips (Swamp:1)
  Snorg (D:13)
  An ettin (Orc:2)
  A shambling mangrove (Swamp:3)
  A rakshasa (D:13)
  Erolcha (Orc:2)
  5 ice dragons (IceCv)
  14 hydras
  A spriggan skeleton (D:15)
  The ghost of flinch the Martial Artist, a journeyman DsSh of Jiyva (D:13)
  A salamander tyrant (Snake:3)
  An ogre mage (Orc:2)
  2 spriggan air magi
  3 ghost crabs
  5 anacondas
  2 boulder beetles
  10 two-headed ogres
  Erica (Orc:1)
  7 alligators
  A centaur warrior (D:8)
  A death knight (D:15)
  8 naga warriors
  5 death yaks
  2 orc high priests (Orc:1)
  2 tengu warriors
  3 naga sharpshooters (Snake:3)
  Urug (Orc:1)
  Sonja (Orc:2)
  Nergalle (Orc:1)
  2 shock serpents (Snake:3)
  3 skysharks
  The ghost of Scrael the Carver, a novice DsGl of Ashenzari (D:7)
  A sixfirhy (Lair:5)
  5 skeletal warriors (D:15)
  2 salamander mystics (Snake:3)
  2 naga ritualists
  2 goliath frogs (Swamp:1)
  7 spriggan druids
  2 wizards
  4 bog bodies
  A phantasmal warrior (D:15)
  An orange crystal statue (IceCv)
  A necromancer (D:15)
  2 orc knights
  4 swamp dragons
  A lindwurm (Lair:5)
  3 deep elf pyromancers
  5 mana vipers
  A frost giant zombie (D:15)
  2 fire giant zombies (D:15)
  6 manticores
  11 orc sorcerers
  20 ugly things
  A will-o-the-wisp (Swamp:2)
  4 cyclopes
  11 salamanders
  15 elephants
  3 guardian serpents (Snake:2)
  26 black mambas
  5 gargoyles
  The ghost of Zaque the Unbeliever, a novice DsMo (D:6)
  22 cane toads
  7 naga magi
  2 orange demons (Lair:5)
  A smoke demon (Lair:5)
  A guardian serpent (shapeshifter) (D:8)
  Maggie (D:8)
  6 storm dragon simulacra (IceCv)
  2 unseen horrors
  A yaktaur (D:15)
  A freezing wraith (D:13)
  13 komodo dragons
  An efreet (D:15)
  A guardian mummy (D:15)
  3 golden dragon simulacra (IceCv)
  2 ice devils (Lair:5)
  A tengu conjurer (D:15)
  5 rime drakes
  A red devil (Lair:5)
  8 trolls
  3 meliai (D:14)
  2 polar bears
  A bloated husk (Swamp:4)
  9 hornets
  A hornet (shapeshifter) (D:14)
  6 tyrant leeches
  Grinder (D:4)
  43 blink frogs
  5 dream sheep (Lair:5)
  Sigmund (D:3)
  A centaur simulacrum (D:15)
  23 slime creatures
  A shadow (D:11)
  12 spriggans
  2 vampires
  11 wyverns
  2 wraiths (D:11)
  66 yaks
  2 steam dragons (D:7)
  7 hogs (D:14)
  5 basilisks
  9 vampire mosquitoes
  Edmund (D:5)
  A warg (Orc:1)
  4 hell hounds (Lair:5)
  15 swamp worms
  2 acid dragons
  24 nagas
  13 water moccasins
  2 swamp drakes
  A black bear (D:6)
  Pargi (Sewer)
  32 orc warriors
  A sky beast (D:7)
  15 ogres
  2 ice dragon simulacra (IceCv)
  5 ice beasts
  4 boggarts
  24 wolves
  4 centaurs
  15 bullfrogs
  2 kobold brigands
  A gnoll sergeant (D:7)
  A scorpion (D:7)
  2 necrophages (Swamp:1)
  9 wights
  A jelly (D:5)
  A killer bee (D:7)
  10 lindwurm simulacra (IceCv)
  7 howler monkeys
  4 electric eels
  Crazy Yiuf (D:4)
  An iron imp (D:4)
  13 orc priests
  4 hounds
  A sleepcap (D:6)
  Ijyb (D:3)
  5 iguanas
  40 orc wizards
  A bullfrog simulacrum (D:6)
  Robin (D:4)
  A gnoll (D:1)
  4 adders
  4 shadow imps
  5 white imps
  2 ufetubi
  5 worms
  2 dart slugs
  95 orcs
  15 bats
  3 endoplasms
  3 giant cockroaches (D:1)
  24 goblins
  9 hobgoblins
  23 kobolds
  3 quokkas
  7 ball pythons
  4 frilled lizards
  3 rats
1031 creatures vanquished.

Vanquished Creatures (others)
  A death yak (Lair:5)
  A deep elf pyromancer (D:13)
  A bloated husk (Swamp:1)
  A spriggan (Swamp:3)
  An orc wizard (Orc:2)
  2 orcs (D:7)
7 creatures vanquished.

Grand Total: 1038 creatures vanquished

Notes
Turn   | Place    | Note
-------+----------+-------------------------------------------
     0 | D:1      | iasek the Minotaur Fighter began the quest for the Orb.
     0 | D:1      | Reached XP level 1. HP: 19/19 MP: 0/0
    67 | D:1      | Found Xovyaj's Distillery.
   183 | D:1      | Reached XP level 2. HP: 27/27 MP: 1/1
   349 | D:1      | Reached skill level 1 in Dodging
   493 | D:1      | Reached XP level 3. HP: 33/33 MP: 2/2
   909 | D:1      | Bought a potion of curing for 42 gold pieces
  1167 | D:2      | Found a sparkling altar of Nemelex Xobeh.
  1608 | D:3      | Found a shimmering blue altar of Sif Muna.
  1628 | D:3      | Found a glowing drain.
  1636 | D:3      | Noticed Ijyb
  1641 | D:3      | Noticed Sigmund
  1650 | Sewer    | Entered a sewer
  1704 | Sewer    | Noticed Pargi
  1715 | Sewer    | Killed Pargi
  1716 | Sewer    | Reached XP level 4. HP: 31/41 MP: 3/3
  1716 | Sewer    | Reached XP level 5. HP: 36/47 MP: 4/4
  1852 | D:3      | Killed Ijyb
  1860 | D:3      | Killed Sigmund
  1861 | D:3      | Reached skill level 5 in Fighting
  1861 | D:3      | Reached skill level 5 in Armour
  1861 | D:3      | Reached skill level 5 in Shields
  1861 | D:3      | Reached XP level 6. HP: 23/56 MP: 5/5
  2176 | D:3      | Found an ornate altar of the Wu Jian Council.
  2358 | D:4      | Found a snail-covered altar of Cheibriados.
  2515 | D:4      | Found a runed translucent door.
  2516 | D:4      | Noticed Crazy Yiuf
  2547 | D:4      | Noticed Grinder
  2554 | D:4      | Killed Grinder
  2555 | D:4      | Reached XP level 7. HP: 31/61 MP: 6/6
  2680 | D:4      | Noticed Robin
  2702 | D:4      | Killed Robin
  2735 | D:4      | Identified the +10 morningstar of the Open Hand {flame, rN+
                  | Int+2}
  3028 | D:4      | Killed Crazy Yiuf
  3074 | D:5      | Entered Level 5 of the Dungeon
  3099 | D:5      | Found a staircase to the Ecumenical Temple.
  3111 | D:5      | Reached skill level 5 in Axes
  3117 | Temple   | Entered the Ecumenical Temple
  3331 | D:5      | Noticed Edmund
  3339 | D:5      | Killed Edmund
  3340 | D:5      | Reached XP level 8. HP: 51/70 MP: 7/7
  3501 | D:5      | Found a broken altar of Ashenzari.
  3750 | D:6      | Noticed a hornet
  3801 | D:6      | Killed a hornet
  3802 | D:6      | Reached skill level 5 in Dodging
  3858 | D:6      | Found a runed translucent gate.
  3858 | D:6      | Found a runed translucent gate.
  3859 | D:6      | Found a runed translucent gate.
  3866 | D:6      | Noticed Zaque's ghost (novice DsMo)
  4073 | D:6      | Identified the +7 short sword of Roegaarr {freeze, rF++}
  4082 | D:6      | Reached XP level 9. HP: 79/79 MP: 8/8
  4205 | D:6      | Found a glowing silver altar of Zin.
  4312 | D:6      | Found a sacrificial altar of Ru.
  4373 | D:6      | Killed Zaque's ghost
  4433 | D:6      | Got the ring "Zuevaita" {Fire Str+2}
  4555 | D:1      | Bought a potion of heal wounds for 70 gold pieces
  4555 | D:1      | Bought a potion of berserk rage for 70 gold pieces
  4555 | D:1      | Bought a potion of might for 56 gold pieces
  4555 | D:1      | Bought a potion of resistance for 140 gold pieces
  4555 | D:1      | Bought a potion of curing for 42 gold pieces
  5074 | D:7      | Found a large runed translucent door.
  5090 | D:7      | Found a large runed translucent door.
  5092 | D:7      | Noticed Scrael's ghost (novice DsGl)
  5268 | D:7      | Noticed a troll
  5273 | D:7      | Killed a troll
  5274 | D:7      | Reached XP level 10. HP: 57/90 MP: 9/9
  5574 | D:7      | Noticed a gargoyle
  5582 | D:7      | Killed a gargoyle
  5996 | D:7      | Killed Scrael's ghost
  6061 | D:8      | Found a flagged portal.
  6089 | D:8      | Noticed a gargoyle
  6089 | D:8      | Noticed a two-headed ogre
  6102 | Bailey   | Entered a bailey
  6233 | Bailey   | Noticed an orc knight
  6276 | Bailey   | Killed an orc knight
  6717 | D:7      | Killed a two-headed ogre
  6828 | D:8      | Noticed Maggie
  6834 | D:7      | Killed a gargoyle
  6835 | D:7      | Reached XP level 11. HP: 95/99 MP: 10/10
  6883 | D:8      | Killed Maggie
  6915 | D:8      | Found an iron altar of Okawaru.
  6920 | D:8      | Became a worshipper of Warmaster Okawaru
  6942 | D:8      | Identified the +2 pair of gloves "Seorafus" {Drain rC++
                  | Will++ Int+2}
  6972 | D:8      | Reached skill level 10 in Shields
  6976 | D:8      | Reached skill level 10 in Fighting
  6976 | D:8      | Reached skill level 10 in Armour
  7113 | D:8      | Found a bloodstained altar of Trog.
  7162 | D:8      | Noticed a cyan ugly thing
  7170 | D:8      | Killed a cyan ugly thing
  7218 | D:8      | Gained mutation: You occasionally shout uncontrollably at
                  | your foes. [potion of mutation]
  7218 | D:8      | Gained mutation: You are agile. (Dex +4, Str/Int -1)
                  | [potion of mutation]
  7218 | D:8      | Gained mutation: You frequently scream uncontrollably at
                  | your foes. [potion of mutation]
  7218 | D:8      | Gained mutation: You are partially covered in iridescent
                  | scales. (AC +2) [potion of mutation]
  7219 | D:8      | Lost mutation: You frequently scream uncontrollably at your
                  | foes. [potion of mutation]
  7219 | D:8      | Lost mutation: You are agile. (Dex +4, Str/Int -1) [potion
                  | of mutation]
  7219 | D:8      | Lost mutation: You occasionally shout uncontrollably at
                  | your foes. [potion of mutation]
  7219 | D:8      | Gained mutation: You have large cloven feet. [potion of
                  | mutation]
  7219 | D:8      | Gained mutation: You have very sharp teeth. [potion of
                  | mutation]
  7219 | D:8      | Gained mutation: You are partially covered in large bone
                  | plates. (SH +4) [potion of mutation]
  7292 | D:8      | Noticed a centaur warrior
  7301 | D:8      | Killed a centaur warrior
  7301 | D:8      | Reached * piety under Okawaru
  7302 | D:8      | Reached skill level 10 in Axes
  7372 | D:8      | Found a hazy altar of Hepliaklqana.
  7829 | D:9      | Reached ** piety under Okawaru
  8053 | D:9      | Found a sparkling altar of Nemelex Xobeh.
  8106 | D:10     | Entered Level 10 of the Dungeon
  8333 | D:10     | Reached *** piety under Okawaru
  8452 | D:10     | Identified the +6 short sword "Tatel" {flame, rElec rPois
                  | Will- SInv}
  8477 | D:10     | Found a shimmering altar of Xom.
  8681 | D:10     | Found a staircase to the Lair.
  9337 | D:11     | Identified 3 scrolls of acquirement
  9337 | D:11     | Acquired the +8 mithril axe "Arga" {speed, Will+}
  9337 | D:11     | Found the +8 mithril axe "Arga" {speed, Will+}
  9339 | D:11     | Acquired 469 gold pieces
  9343 | D:11     | Acquired 1292 gold pieces
  9437 | D:11     | Reached XP level 12. HP: 95/110 MP: 11/11
  9441 | D:11     | Reached **** piety under Okawaru
  9640 | D:11     | Noticed a two-headed ogre
  9681 | D:11     | Found a staircase to the Orcish Mines.
  9840 | D:12     | Reached skill level 10 in Dodging
 10140 | D:12     | Reached ***** piety under Okawaru
 10213 | D:12     | Noticed a two-headed ogre
 10218 | D:12     | Killed a two-headed ogre
 10819 | D:12     | Identified the +1 hat "Alac" {rCorr Stlth+} (Okawaru gifted
                  | it to you on level 12 of the Dungeon)
 10819 | D:12     | Received a gift from Okawaru
 11072 | D:13     | Noticed a rakshasa
 11084 | D:13     | Killed a rakshasa
 11284 | D:13     | Noticed a two-headed ogre
 11292 | D:13     | Killed a two-headed ogre
 11343 | D:13     | Noticed a two-headed ogre
 11345 | D:13     | Noticed a two-headed ogre
 11349 | D:13     | Killed a two-headed ogre
 11351 | D:13     | Killed a two-headed ogre
 11392 | D:13     | Found a gate to the Vaults.
 11419 | D:13     | Reached XP level 13. HP: 119/119 MP: 12/12
 11502 | D:13     | Noticed Snorg
 11511 | D:13     | Killed Snorg
 11700 | D:13     | Found an iron altar of Okawaru.
 11732 | D:13     | Found a runed translucent door.
 11735 | D:13     | Identified the +4 trident of Greed {flame, rElec Str+2
                  | Int+4}
 11737 | D:13     | Noticed flinch's ghost (journeyman DsSh)
 11931 | D:13     | Killed flinch's ghost
 12204 | D:14     | Noticed Kirke
 12220 | D:14     | Killed Kirke
 12321 | D:14     | Identified the +8 broad axe of Spontaneous Combustion
                  | {venom, rF+ Dex+3} (Okawaru gifted it to you on level 14 of
                  | the Dungeon)
 12321 | D:14     | Received a gift from Okawaru
 12797 | D:14     | Noticed Rupert
 12805 | D:14     | Killed Rupert
 13454 | Lair:1   | Entered Level 1 of the Lair of Beasts
 13587 | Lair:1   | Reached ****** piety under Okawaru
 13592 | Lair:1   | Received a gift from Okawaru
 13670 | Lair:1   | Reached XP level 14. HP: 130/130 MP: 13/13
 14721 | Lair:2   | Found a staircase to the Snake Pit.
 15275 | Lair:3   | Received a gift from Okawaru
 15276 | Lair:3   | Noticed namnaref's ghost (journeyman MfSh)
 15297 | Lair:3   | Found a runed translucent door.
 16134 | Lair:3   | Killed namnaref's ghost
 16230 | Lair:3   | Found a staircase to the Swamp.
 16318 | Lair:4   | Identified the +2 pair of gloves of Indemnity {rC+}
                  | (Okawaru gifted it to you on level 4 of the Lair of Beasts)
 16318 | Lair:4   | Received a gift from Okawaru
 17135 | Lair:5   | Entered Level 5 of the Lair of Beasts
 17188 | Lair:5   | Reached XP level 15. HP: 139/139 MP: 11/14
 17193 | Lair:5   | Reached skill level 15 in Fighting
 17195 | Lair:5   | Reached skill level 15 in Shields
 17196 | Lair:5   | Reached skill level 15 in Armour
 17205 | Lair:5   | Received a gift from Okawaru
 17225 | Lair:5   | Reached skill level 15 in Axes
 17316 | Lair:5   | Received a gift from Okawaru
 17586 | Lair:5   | Identified the +8 quarterstaff of the Shrike {holy, Will+}
 17605 | Lair:5   | Found a viscous altar of Jiyva.
 17610 | Lair:5   | Found a staircase to the Slime Pits.
 17762 | Lair:5   | Found a burning altar of Makhleb.
 17858 | Lair:5   | Found a gateway to Hell.
 17952 | Lair:5   | Identified the ring "Podeqic" {Will+ Str+6}
 18457 | Orc:1    | Entered Level 1 of the Orcish Mines
 18457 | Orc:1    | Noticed Urug
 18464 | Orc:1    | Noticed Nergalle
 18466 | Orc:1    | Killed Urug
 18486 | Orc:1    | Killed Nergalle
 18587 | Orc:1    | Noticed Erica
 18600 | Orc:1    | Killed Erica
 18600 | Orc:1    | Received a gift from Okawaru
 18973 | Orc:2    | Entered Level 2 of the Orcish Mines
 19076 | Orc:2    | Found a staircase to the Elven Halls.
 19083 | Orc:2    | Noticed Erolcha
 19093 | Orc:2    | Killed Erolcha
 19094 | Orc:2    | Noticed Jorgrun
 19106 | Orc:2    | Killed Jorgrun
 19551 | Orc:2    | Found Taon's Antique Armour Shop.
 19590 | Orc:2    | Found an ancient bone altar of Kikubaaqudgha.
 19601 | Orc:2    | Found Nychycei's Book Boutique.
 19604 | Orc:2    | Noticed Sonja
 19611 | Orc:2    | Killed Sonja
 19612 | Orc:2    | Reached XP level 16. HP: 148/151 MP: 15/15
 19625 | Orc:2    | Found a radiant altar of Vehumet.
 19668 | Orc:2    | Found Rekhoerphu's Book Shop.
 19694 | Orc:2    | Found Xaerit's Magic Scroll Shop.
 19723 | Orc:2    | Bought a scroll of revelation for 90 gold pieces
 19723 | Orc:2    | Bought a scroll of fear for 48 gold pieces
 20212 | D:15     | Entered Level 15 of the Dungeon
 20494 | D:15     | Found a staircase to the Depths.
 20510 | D:15     | Identified the +3 battleaxe "Rynek" {antimagic, Will++}
                  | (Okawaru gifted it to you on level 15 of the Dungeon)
 20510 | D:15     | Received a gift from Okawaru
 21083 | Snake:1  | Entered Level 1 of the Snake Pit
 21083 | Snake:1  | Noticed Aizul
 21098 | Snake:1  | Killed Aizul
 21216 | Snake:1  | Found a transporter.
 21340 | Snake:1  | Noticed an Executioner
 21341 | Snake:1  | Found a transporter.
 21342 | Snake:1  | Found a one-way gate to the infinite horrors of the Abyss.
 21344 | Snake:1  | Noticed dcssisdead's ghost (adept HuWn)
 21544 | Snake:1  | Found Laest's Antique Armour Shop.
 21552 | Snake:1  | Bought a smoking cloak for 275 gold pieces
 21552 | Snake:1  | Identified the -1 cloak "Ibbi" {Regen+ rCorr Dex-2 Slay-6}
                  | (You bought it in a shop on level 1 of the Snake Pit)
 21628 | Snake:1  | Found a glowing golden altar of the Shining One.
 21713 | Snake:1  | Noticed a tentacled starspawn
 21824 | Snake:2  | Reached skill level 15 in Dodging
 22261 | Snake:2  | Found a shimmering blue altar of Sif Muna.
 22282 | Snake:2  | Identified the +0 plate armour "Yfurr" {rElec rF- rN++
                  | Int+2 Slay+3} (Okawaru gifted it to you on level 2 of the
                  | Snake Pit)
 22282 | Snake:2  | Received a gift from Okawaru
 23659 | Snake:3  | Reached XP level 17. HP: 161/161 MP: 16/16
 24134 | Swamp:1  | Entered Level 1 of the Swamp
 24177 | Swamp:1  | HP: 5/161 [spriggan air mage/bolt of lightning (40)]
 24182 | Lair:3   | HP: 4/161 [poisoned by a spriggan rider]
 24187 | Lair:3   | HP: 4/161 [poisoned by a spriggan rider]
 24321 | Swamp:1  | Noticed Roxanne
 24344 | Swamp:1  | Found a frozen archway.
 24353 | IceCv    | Entered an ice cave
 24449 | IceCv    | Received a gift from Okawaru
 24783 | IceCv    | Noticed a golden dragon
 24807 | IceCv    | Killed a golden dragon
 24814 | IceCv    | Identified the +2 pair of gloves "Edipsaete" {rElec Dex+3
                  | Slay-5}
 24844 | IceCv    | Identified the ring of Starshine {Ice Str+2 SInv}
 24848 | IceCv    | Got Qaoblex's Disquisition on Congelation
 24854 | IceCv    | Identified the ring "Quffoo" {+Blink rC++ rCorr Str-3}
 24932 | Swamp:1  | Identified the +1 plate armour "Utoxirye" {Will+ Int+3}
                  | (Okawaru gifted it to you on level 1 of the Swamp)
 24932 | Swamp:1  | Received a gift from Okawaru
 25292 | Swamp:1  | Identified the +7 dagger "Usoqev" {flame, +Blink rPois rN+}
 26686 | Swamp:4  | Entered Level 4 of the Swamp
 26864 | Swamp:4  | HP: 5/155 [swamp dragon] (9)]
 26864 | Swamp:4  | Succumbed to a swamp dragon's poison gas

Illustrated notes

Levels and vault maps discovered:
D:1:      heliophobic_arrival_enchanted_forest, layout_basic, serial_shops,
          nicolae_shop_tiny_statue_garden, grunt_decor_one_mirror,
          corexii_corridor_pit
D:2:      layout_basic, basic_altar
D:3:      layout_rooms, nicolae_sif_muna_condensation,
          pdpol_wu_jian_five_deadly_venoms, cheibrodos_sewer_entry_drain,
          uniq_ijyb, uniq_sigmund
D:4:      layout_gridville, slow_altar_1, hangedman_decor_lopped, uniq_grinder,
          uniq_robin, uniq_crazy_yiuf_cottage
D:5:      layout_gridville, mainiacjoe_overflow_cross_hatched,
          minmay_temple_entry_sparse_star, uniq_edmund
D:6:      layout_cave_pools, zin_academy, kennysheep_little_box,
          gammafunk_ghost_icy, minmay_ogre_servants
D:7:      layout_cave_pods, ebering_ghost_disaster_area, serial_demonic,
          serial_demonic_g, serial_demonic_b, serial_demonic_e,
          serial_demonic_f, minmay_fractal_squares_diagonal_5
D:8:      layout_cave_pools, mainiacjoe_overflow_alcove_2, old_standard_altar,
          mainiacjoe_overflow_six_doors_small, enter_bailey_2,
          minmay_shattered_shrine, uniq_maggie
D:9:      layout_cave_pools, nemelex_spade_bored_becter, palyth_stone_intersect
D:10:     minmay_spotlight, layout_cave_pools, mainiacjoe_overflow_brackets,
          lair_entry_dummy, chequers_serial_rivers_room_a
D:11:     layout_loops_ring, erik_orc_1
D:12:     layout_basic, kennysheep_potato
D:13:     layout_rooms, david_vaults_1, ebering_ghost_funeral_grove,
          okawaru_metal_pillars_1_2, uniq_snorg
D:14:     layout_irregular_city, minmay_staircase_windowed_large, uniq_kirke,
          uniq_rupert
D:15:     gammafunk_depths_entry_grave, layout_basic
Temple:   nicolae_temple_ecumenical_triangle
Lair:1:   layout_cave_pods, grunt_megastairs_2, serial_bayou_shore_a,
          infiniplex_staircase_pool
Lair:2:   layout_hall_layers, dummy_snake_entry, serial_bayou_pond_e,
          grunt_megastairs_1
Lair:3:   cheibrodos_lair_river_kwai, layout_regular_city,
          nicolae_swamp_entry_splash_gauntlet, hellmonk_ghost_happy_afterlife,
          serial_bayou_lake_a
Lair:4:   layout_cave_pods, beast_lair_carwin_1
Lair:5:   evil_forest, layout_long_grid, dpeg_slime_entry_corner,
          chequers_serial_rivers_large_a, eino_small_chamber_without_monster,
          chequers_serial_rivers_micro_d
Swamp:1:  cheibrodos_swamp_tower_of_moss, layout_basic_swamp,
          portal_ice_cave_entry_ugly_swarm, nicolae_swamp_tree_isthmus,
          swamp_pool4, uniq_roxanne
Swamp:2:  layout_basic_swamp, serial_swamp_ruin, evilmike_swamp_ruin_house_6,
          evilmike_swamp_ruin_house_5, evilmike_swamp_ruin_rubble_1
Swamp:3:  layout_basic_swamp, nicolae_swamp_dense_foliage
Swamp:4:  byrel_swamp_growth_death_and_undeath, layout_basic_swamp,
          ebering_ghost_reflecting_pool
Snake:1:  layout_rooms, gammafunk_ghost_abyssal_escape, serial_shops, shop,
          basic_altar, uniq_aizul
Snake:2:  layout_chambers, basic_altar
Snake:3:  layout_concentric_octagons
Orc:1:    layout_caves, uniq_urug, uniq_nergalle, uniq_erica
Orc:2:    kennysheep_orc_mage_school, layout_caves, uniq_erolcha, uniq_sonja,
          uniq_jorgrun

Skill      XL: |  1  2  3  4  5  6  7  8  9 10 11 12 13 14 15 16 17 |
---------------+----------------------------------------------------+-----
Dodging        | 1 2 3 4 5 6 8 9 10 12 13 14 15 16 | 16.3
Armour         | 4 5 6 7 8 9 11 12 13 14 16 17 18 | 18.1
Shields        | 4 5 6 7 8 9 11 12 13 14 16 17 18 | 18.1
Fighting       | 4 5 6 7 8 9 11 12 13 14 16 17 18 | 18.1
Axes           | 3 4 5 6 8 9 10 12 13 14 15 16 17 | 17.9

Action                     |  1- 3 |  4- 6 |  7- 9 | 10-12 | 13-15 | 16-18 || total
---------------------------+-------+-------+-------+-------+-------+-------++-------
  Melee: War axe           |    90 |    49 |    27 |       |       |       ||   166
         Headbutt          |    14 |     6 |    27 |    94 |   214 |   227 ||   582
         Morningstar       |       |       |   179 |   288 |     7 |       ||   474
         Unarmed           |       |       |     1 |       |       |       ||     1
         Broad axe         |       |       |       |   188 |   942 |   984 ||  2114
         Bite              |       |       |       |    44 |   100 |   147 ||   291
 Invoke: Heroism           |       |       |       |       |     6 |     5 ||    11
  Evoke: Wand              |       |       |       |       |     1 |       ||     1
    Use: Scroll            |     2 |     3 |     9 |    16 |     1 |    20 ||    51
         Potion            |       |     1 |     1 |     4 |     5 |    13 ||    24
   Stab: Sleeping          |       |       |       |       |     7 |       ||     7
 Armour: Scale mail        |    46 |    10 |    61 |   123 |   280 |       ||   520
         Plate armour      |       |       |       |       |    18 |   324 ||   342
  Dodge: Dodged            |    76 |    27 |   157 |   305 |   570 |   369 ||  1504
  Block: Buckler           |    25 |    15 |   146 |   379 |   525 |   174 ||  1264
         Reflection        |       |       |     8 |    18 |     4 |    21 ||    51
         Kite shield       |       |       |       |       |       |   471 ||   471

Table legend: (Time is in decaauts)
 A = Elapsed time spent in this place.
 B = Non-inter-level travel time spent in this place.
 C = Inter-level travel time spent in this place.
 D = Time resting spent in this place.
 E = Time spent auto-exploring this place.
 F = Levels seen in this place.
 G = Mean time per level.
                   A        B        C        D        E       F      G
               +--------+--------+--------+--------+--------+-----+--------+
         Total |  26297 |  24538 |   1759 |   1007 |  18095 |  33 |  796.9 |
       Dungeon |  13860 |  12697 |   1163 |    626 |   9440 |  15 |  924.0 |
        Temple |      1 |      1 |      0 |      0 |      0 |   1 |    1.0 |
          Lair |   4970 |   4639 |    331 |    344 |   3347 |   5 |  994.0 |
         Swamp |   1975 |   1888 |     87 |     37 |   1319 |   4 |  493.8 |
     Snake Pit |   2820 |   2752 |     68 |      0 |   2296 |   3 |  940.0 |
  Orcish Mines |   1481 |   1373 |    108 |      0 |   1034 |   2 |  740.5 |
         Sewer |    173 |    173 |      0 |      0 |     95 |   1 |  173.0 |
        Bailey |    495 |    495 |      0 |      0 |    242 |   1 |  495.0 |
      Ice Cave |    518 |    518 |      0 |      0 |    321 |   1 |  518.0 |
               +--------+--------+--------+--------+--------+-----+--------+

Top non-repeatable levels by time:
     D:7: 1675 daAuts
    D:12: 1347 daAuts
 Snake:2: 1194 daAuts
  Lair:3: 1174 daAuts
    D:13: 1167 daAuts
    D:14: 1163 daAuts
    D:11: 1148 daAuts
  Lair:4: 1038 daAuts
  Lair:1: 1027 daAuts
   Orc:2: 1008 daAuts
     D:1: 941 daAuts
 Snake:3: 930 daAuts
  Lair:5: 891 daAuts
     D:8: 868 daAuts
  Lair:2: 838 daAuts
